 Dungeon Crawl Stone Soup version 0.31.0-1-g2c135a008e (webtiles) character file.

Game seed: 12163895727610399977

457 qw the Shooter (level 7, 0/52 HPs)
             Began as a Djinni Hunter on Jan 23, 2024.
             Slain by an orc warrior
             ... wielding a +0 halberd
              (16 damage)
             ... on level 4 of the Dungeon.
             The game lasted 00:00:18 (4046 turns).

qw the Shooter (Djinni Hunter)                      Turns: 4046, Time: 00:00:18

Health: 0/52       AC:  7    Str:  9    XL:     7   Next: 27%
Gold:   191        EV: 11    Int: 14    God:
                   SH:  0    Dex: 18

rFire   + + .        a - +1 shortbow
rCold   x . .        (shield currently unavailable)
rNeg    . . .        k - +0 ring mail
rPois   inf          (no helmet)
rElec   .            e - +1 cloak
rCorr   .            (no gloves)
SInv    .            (boots unavailable)
Will    +....        (no amulet)
Stlth   +            (no ring)
HPRegen 0.28/turn    (no ring)
MPRegen 0.00/turn

%: clarity, infuse magic (-1 HP)
@: flying
A: sickness immunity, fire resistance 2, cold vulnerability 1, float, innate
caster, HP casting, extra vitality 1, clarity, clever 1, strong-willed 1
a: no special abilities


You were on level 4 of the Dungeon.
You visited 1 branch of the dungeon, and saw 4 of its levels.

You collected 191 gold pieces.


Innate Abilities, Weirdness & Mutations

You are immune to sickness and miasma.
You are immune to poison.
Your flesh is very heat resistant. (rF++)
You are vulnerable to cold. (rC-)
You float through the air rather than walking.
You learn spells naturally, not from books.
Your magical power is your life essence.
You have superior vitality. (+4 MHP)
You possess an exceptional clarity of mind.
Your mind is acute. (Int +4, Str/Dex -1)
You are strong-willed. (Will+)


   Skills:
 - Level 4.0 Fighting
 + Level 5.7 Ranged Weapons
 - Level 1.0 Armour
 - Level 3.1 Dodging
 - Level 0.7 Stealth


You knew the following spells:

 Your Spells              Type           Power      Damage    Failure   Level
a - Foxfire               Conj/Fire      0%         2x1d4     63%         1
b - Ensorcelled Hibernat  Hex/Ice        0%         N/A       77%         2
c - Frozen Ramparts       Ice            0%         1d1       94%         3
Your spell library was empty.

Inventory:

Hand Weapons
 a - a +1 shortbow (weapon)
Armour
 e - a +1 cloak (worn)
 k - a +0 ring mail (worn)
Wands
 j - a wand of polymorph (10)
 l - a wand of flame (1)
Potions
 b - a potion of enlightenment
 g - a potion of curing

Dungeon Overview and Level Annotations

Branches:
Dungeon (4/15)
 Temple: D:4-7

Altars:
Wu Jian


Message History

The orc warrior is heavily wounded.
You shoot an arrow.
The arrow barely misses the orc warrior.
The orc warrior unwields a +0 orcbow.
The orc warrior wields a +0 halberd.
The orc warrior hits you with a +0 halberd!
The orc warrior hits you but does no damage.
You shoot an arrow.
The arrow closely misses the orc warrior.
The orc warrior closely misses you.
You shoot an arrow.
The arrow barely misses the orc warrior.
The orc warrior completely misses you.
You shoot an arrow. The arrow hits the orc warrior.
The orc warrior is severely wounded.
The orc warrior closely misses you.
You shoot an arrow.
The arrow barely misses the orc warrior.
The orc warrior hits you but does no damage.
The orc warrior hits you with a +0 halberd!
You shoot an arrow.
The arrow hits the orc warrior but does no damage.
The orc warrior is severely wounded.
The orc warrior misses you.
You shoot an arrow. The arrow hits the orc warrior.
The orc warrior is severely wounded.
The orc warrior closely misses you.
You shoot an arrow. The arrow hits the orc warrior!
The orc warrior is almost dead.
The orc warrior barely misses you.
You shoot an arrow.
The arrow barely misses the orc warrior.
The orc warrior misses you.
The orc warrior hits you with a +0 halberd!
You shoot an arrow. The arrow hits the orc warrior.
The orc warrior is almost dead.
The orc warrior hits you with a +0 halberd!
You shoot an arrow.
The arrow closely misses the orc warrior.
The orc warrior hits you with a +0 halberd!
You die...

#o# #.# #.# #.# #.# #.#
#.#########
#########.........#
#.....<@o...##.##.#
#.#####.....##.##.# #.#
##...###.##.# #.#
##......##.# #.#
#.#######.# #.# #.# #.#
####.## ##'## ####.####
#.....## ##...###.......###
#..##..###.....##.##.##....


You could see an orc warrior.

Vanquished Creatures
  A black bear (D:4)
  2 orc priests (D:3)
  Jessica (D:3)
  Ijyb (D:3)
  Natasha (D:2)
  Terence (D:2)
  An iguana (D:4)
  6 adders
  2 dart slugs
  4 ribbon worms
  6 orcs (D:3)
  5 ball pythons
  10 bats
  7 endoplasms
  13 goblins
  7 hobgoblins
  3 jackals (D:3)
  7 kobolds
  2 quokkas
  5 frilled lizards
  7 rats
92 creatures vanquished.

Vanquished Creatures (others)
  An orc wizard (D:3)
1 creature vanquished.

Grand Total: 93 creatures vanquished

Notes
Turn   | Place    | Note
-------+----------+-------------------------------------------
     0 | D:1      | qw the Djinni Hunter began the quest for the Orb.
     0 | D:1      | Reached XP level 1. HP: 18/18 MP: 0/0
     0 | D:1      | 0 ||| qw: Version: 0.3-a-132-g3d54051
     0 | D:1      | 0 ||| qw: Game counter: 653
     0 | D:1      | 0 ||| qw: Melee chars always use a shield: true
     0 | D:1      | 0 ||| qw: God list: Okawaru
     0 | D:1      | 0 ||| qw: Allow faded altars: false
     0 | D:1      | 0 ||| qw: Do Orc after clearing Dungeon:15 true
     0 | D:1      | 0 ||| qw: Do second Lair branch before Depths: true
     0 | D:1      | 0 ||| qw: Lair rune preference: random
     0 | D:1      | 0 ||| qw: Goals: Normal
     0 | D:1      | 0 ||| PLANNING D:1-11
   328 | D:1      | Reached XP level 2. HP: 23/23 MP: 0/0
   495 | D:1      | Reached XP level 3. HP: 28/28 MP: 0/0
   495 | D:1      | Learned a level 1 spell: Foxfire
   507 | D:1      | Reached skill level 4 in Ranged Weapons
   772 | D:1      | 772 ||| UPGRADING to +0 cloak.
   777 | D:1      | 777 ||| READING 3 scrolls labelled CENLEA SISAE.
   777 | D:1      | 777 ||| IDENTIFYING murky dark potion
   778 | D:1      | 778 ||| READING 2 scrolls of identify.
   778 | D:1      | 778 ||| IDENTIFYING sedimented blue potion
   779 | D:1      | 779 ||| READING scroll of identify.
   779 | D:1      | 779 ||| IDENTIFYING amethyst potion
   780 | D:1      | 780 ||| READING 2 scrolls labelled OSAFO EBYFROGOJI.
   781 | D:1      | 781 ||| DROPPING scroll of butterflies.
   782 | D:1      | 782 ||| DROPPING scroll of revelation.
   783 | D:1      | 783 ||| DROPPING potion of brilliance.
   910 | D:2      | 910 ||| FLEEEEING.
   911 | D:2      | 911 ||| FLEEEEING.
   912 | D:2      | 912 ||| FLEEEEING.
   913 | D:2      | 913 ||| FLEEEEING.
   914 | D:2      | 914 ||| FLEEEEING.
   915 | D:2      | 915 ||| FLEEEEING.
   916 | D:2      | 916 ||| FLEEEEING.
   917 | D:2      | 917 ||| FLEEEEING.
   918 | D:2      | 918 ||| FLEEEEING.
   919 | D:2      | 919 ||| FLEEEEING.
   920 | D:2      | 920 ||| FLEEEEING.
   921 | D:2      | 921 ||| FLEEEEING.
   922 | D:2      | 922 ||| FLEEEEING.
   923 | D:2      | 923 ||| FLEEEEING.
   924 | D:2      | 924 ||| FLEEEEING.
   925 | D:2      | 925 ||| FLEEEEING.
   926 | D:2      | 926 ||| FLEEEEING.
   927 | D:2      | 927 ||| FLEEEEING.
   928 | D:2      | 928 ||| FLEEEEING.
   929 | D:2      | 929 ||| FLEEEEING.
   930 | D:2      | 930 ||| FLEEEEING.
   931 | D:2      | 931 ||| FLEEEEING.
   932 | D:2      | 932 ||| FLEEEEING.
   933 | D:2      | 933 ||| FLEEEEING.
   934 | D:2      | 934 ||| FLEEEEING.
   935 | D:2      | 935 ||| FLEEEEING.
   937 | D:2      | 937 ||| FLEEEEING.
   938 | D:2      | 938 ||| FLEEEEING.
   939 | D:2      | 939 ||| FLEEEEING.
   940 | D:2      | 940 ||| FLEEEEING.
   941 | D:2      | 941 ||| FLEEEEING.
   942 | D:2      | 942 ||| FLEEEEING.
   943 | D:2      | 943 ||| FLEEEEING.
   944 | D:2      | 944 ||| FLEEEEING.
   945 | D:2      | 945 ||| STAIRDANCE
   967 | D:1      | 967 ||| READING scroll labelled ZUECVO PUVIORI.
  1085 | D:2      | Reached XP level 4. HP: 22/34 MP: 0/0
  1134 | D:2      | Noticed Natasha
  1150 | D:2      | HP: 5/34 [Natasha (7)]
  1151 | D:2      | 1151 ||| DRINKING potion of heal wounds.
  1154 | D:2      | Killed Natasha
  1155 | D:2      | Reached skill level 3 in Fighting
  1155 | D:2      | 1155 ||| FLEEEEING.
  1587 | D:2      | Noticed Terence
  1601 | D:2      | Killed Terence
  1602 | D:2      | Reached skill level 3 in Dodging
  1602 | D:2      | Reached XP level 5. HP: 33/40 MP: 0/0
  1602 | D:2      | Learned a level 2 spell: Ensorcelled Hibernation
  1602 | D:2      | 1602 ||| FLEEEEING.
  1707 | D:2      | 1707 ||| READING scroll labelled ITUJYU ZOCE.
  1708 | D:2      | 1708 ||| READING 2 scrolls labelled XUFAOC LIAGARGHI.
  1709 | D:2      | 1709 ||| DROPPING scroll of blinking.
  1848 | D:3      | Found a faded altar of an unknown god.
  1983 | D:3      | 1983 ||| FLEEEEING.
  2121 | D:3      | 2121 ||| FLEEEEING.
  2223 | D:3      | Noticed Jessica
  2231 | D:3      | Killed Jessica
  2232 | D:3      | Reached XP level 6. HP: 46/46 MP: 0/0
  2264 | D:3      | Noticed Ijyb
  2302 | D:3      | Killed Ijyb
  2303 | D:3      | Reached skill level 5 in Ranged Weapons
  2496 | D:3      | Reached skill level 1 in Armour
  2498 | D:3      | 2498 ||| FLEEEEING.
  3140 | D:3      | 3140 ||| UPGRADING to +0 ring mail.
  3150 | D:3      | 3150 ||| DROPPING +0 leather armour.
  3151 | D:3      | 3151 ||| READING scroll of identify.
  3151 | D:3      | 3151 ||| IDENTIFYING grey potion
  3152 | D:3      | 3152 ||| READING scroll labelled FIRUVO VAJEO.
  3152 | D:3      | 3152 ||| ENCHANTING +0 shortbow.
  3153 | D:3      | 3153 ||| READING scroll labelled WOGROR VUMO.
  3154 | D:3      | 3154 ||| READING scroll labelled BUWEAV ECRA CIFF.
  3155 | D:3      | 3155 ||| FLEEEEING.
  3232 | D:3      | 3232 ||| DRINKING 2 fizzy black potions.
  3232 | D:3      | Gained mutation: You possess an exceptional clarity of
                  | mind. [potion of mutation]
  3233 | D:3      | 3233 ||| DRINKING potion of mutation.
  3233 | D:3      | Lost mutation: You possess an exceptional clarity of mind.
                  | [potion of mutation]
  3233 | D:3      | Gained mutation: You possess an exceptional clarity of
                  | mind. [potion of mutation]
  3233 | D:3      | Gained mutation: Your mind is acute. (Int +4, Str/Dex -1)
                  | [potion of mutation]
  3233 | D:3      | Gained mutation: You are strong-willed. (Will+) [potion of
                  | mutation]
  3264 | D:4      | Noticed a black bear
  3265 | D:4      | 3265 ||| ZAPPING wand of flame (13) at 6,1 (black bear;
                  | floor).
  3267 | D:4      | 3267 ||| ZAPPING wand of flame (12) at 3,-1 (black bear;
                  | floor).
  3268 | D:4      | 3268 ||| ZAPPING wand of flame (11) at 2,0 (black bear;
                  | floor).
  3269 | D:4      | 3269 ||| ZAPPING wand of flame (10) at 1,0 (black bear;
                  | floor).
  3270 | D:4      | 3270 ||| ZAPPING wand of flame (9) at 1,0 (black bear;
                  | floor).
  3271 | D:4      | 3271 ||| ZAPPING wand of flame (8) at 1,0 (black bear;
                  | floor).
  3272 | D:4      | 3272 ||| ZAPPING wand of flame (7) at 1,0 (black bear;
                  | floor).
  3273 | D:4      | 3273 ||| ZAPPING wand of flame (6) at 1,0 (black bear;
                  | floor).
  3274 | D:4      | 3274 ||| ZAPPING wand of flame (5) at 1,0 (black bear;
                  | floor).
  3275 | D:4      | 3275 ||| ZAPPING wand of flame (4) at 1,0 (black bear;
                  | floor).
  3276 | D:4      | 3276 ||| ZAPPING wand of flame (3) at 1,0 (black bear;
                  | floor).
  3276 | D:4      | HP: 9/47 [black bear (4)]
  3277 | D:4      | 3277 ||| ZAPPING wand of flame (2) at 1,0 (black bear;
                  | floor).
  3277 | D:4      | Killed a black bear
  3278 | D:4      | Reached XP level 7. HP: 7/52 MP: 0/0
  3278 | D:4      | Learned a level 3 spell: Frozen Ramparts
  3278 | D:4      | 3278 ||| FLEEEEING.
  3520 | D:4      | 3520 ||| FLEEEEING.
  3606 | D:4      | Found an ornate altar of the Wu Jian Council.
  3931 | D:4      | 3931 ||| FLEEEEING.
  3932 | D:4      | 3932 ||| FLEEEEING.
  3934 | D:4      | 3934 ||| FLEEEEING.
  3935 | D:4      | 3935 ||| FLEEEEING.
  3936 | D:4      | 3936 ||| FLEEEEING.
  3937 | D:4      | 3937 ||| FLEEEEING.
  3938 | D:4      | 3938 ||| FLEEEEING.
  3939 | D:4      | 3939 ||| FLEEEEING.
  3940 | D:4      | 3940 ||| FLEEEEING.
  3941 | D:4      | 3941 ||| FLEEEEING.
  3942 | D:4      | 3942 ||| FLEEEEING.
  3943 | D:4      | 3943 ||| FLEEEEING.
  3944 | D:4      | 3944 ||| FLEEEEING.
  3945 | D:4      | 3945 ||| FLEEEEING.
  3946 | D:4      | 3946 ||| FLEEEEING.
  3947 | D:4      | 3947 ||| FLEEEEING.
  3948 | D:4      | 3948 ||| FLEEEEING.
  3949 | D:4      | 3949 ||| FLEEEEING.
  3950 | D:4      | 3950 ||| FLEEEEING.
  3955 | D:4      | 3955 ||| FLEEEEING.
  3956 | D:4      | 3956 ||| FLEEEEING.
  3957 | D:4      | 3957 ||| FLEEEEING.
  3958 | D:4      | 3958 ||| FLEEEEING.
  3959 | D:4      | 3959 ||| FLEEEEING.
  3960 | D:4      | 3960 ||| FLEEEEING.
  3961 | D:4      | 3961 ||| FLEEEEING.
  3964 | D:4      | 3964 ||| STAIRDANCE
  4018 | D:3      | 4018 ||| READING 4 scrolls of identify.
  4018 | D:3      | 4018 ||| IDENTIFYING fuming emerald potion
  4019 | D:3      | 4019 ||| READING 3 scrolls of identify.
  4019 | D:3      | 4019 ||| IDENTIFYING ruby potion
  4020 | D:3      | 4020 ||| READING 2 scrolls of identify.
  4020 | D:3      | 4020 ||| IDENTIFYING scroll labelled KOPOOS ZIDEDY
  4021 | D:3      | 4021 ||| READING scroll of enchant armour.
  4021 | D:3      | 4021 ||| ENCHANTING +0 cloak.
  4022 | D:3      | 4022 ||| READING scroll of identify.
  4022 | D:3      | 4022 ||| IDENTIFYING scroll labelled USHUMEYLUI
  4023 | D:3      | 4023 ||| DROPPING scroll of poison.
  4024 | D:3      | 4024 ||| DROPPING potion of berserk rage.
  4025 | D:3      | 4025 ||| DROPPING potion of attraction.
  4046 | D:4      | Slain by an orc warrior

Levels and vault maps discovered:
D:1:      doesnt_arrival_eight_statues, layout_loops_corners
D:2:      layout_basic, minmay_hexomino_r4, uniq_terence, uniq_natasha
D:3:      kennysheep_goblin_castle, layout_basic,
          dreamdust_ecumenical_altar_grove, uniq_jessica
D:4:      black_bear_nest_1, layout_loops_corners,
          mainiacjoe_overflow_tiny_flanked,
          nicolae_overflow_macrodata_refinement, temple_doors_e,
          minmay_manual_monstrance

Skill      XL: |  1  2  3  4  5  6 |
---------------+-------------------+-----
Ranged Weapons | 4 5 |  5.7
Fighting       | 3 4 |  4.0
Dodging        | 3 |  3.1
Armour         | 1 |  1.0
Stealth        | |  0.7

Action                     |  1- 3 |  4- 6 |  7- 9 || total
---------------------------+-------+-------+-------++-------
   Fire: Shortbow          |    91 |   226 |    38 ||   355
  Evoke: Wand              |       |    12 |       ||    12
    Use: Scroll            |     5 |     6 |     5 ||    16
         Potion            |       |     3 |       ||     3
 Armour: Leather armour    |    30 |    66 |       ||    96
         Ring mail         |       |    15 |    14 ||    29
  Dodge: Dodged            |    35 |    87 |    15 ||   137

Table legend:
 A = Non-vault XP
 B = Vault XP
 C = Vault XP percentage of total XP
 D = Non-vault monster count
 E = Vault monster count
 F = Vault count percentage of total count
                 A         B        C        D         E       F
            +---------+---------+-------+---------+---------+-------
      Total |     336 |     318 |  48.6 |      71 |      22 |  23.7
            +---------+---------+-------+---------+---------+-------
        D:1 |      37 |       0 |   0.0 |      21 |       0 |   0.0
        D:2 |      43 |      81 |  65.3 |      18 |       8 |  30.8
        D:3 |     199 |     106 |  34.8 |      25 |      13 |  34.2
        D:4 |      57 |     131 |  69.7 |       7 |       1 |  12.5
            +---------+---------+-------+---------+---------+-------
